 Dungeon Crawl Stone Soup version 0.21.1-1-g345015fe64 (webtiles) character file.

16192 Peloso the Carver (level 12, -6/106 HPs)
             Began as a Minotaur Fighter on Mar 21, 2018.
             Was a High Priest of Okawaru.
             Mangled by an orc warrior
             ... wielding a +0 dire flail
              (16 damage)
             ... on level 1 of the Orcish Mines.
             The game lasted 00:51:29 (14335 turns).

Peloso the Carver (Minotaur Fighter)               Turns: 14335, Time: 00:51:30

Health: -6/106     AC: 21    Str: 24    XL:     12   Next: 7%
Magic:  12/12      EV: 19    Int:  5    God:    Okawaru [*****.]
Gold:   1549       SH:  0    Dex: 17    Spells: 11/11 levels left

rFire    + + .     SeeInvis .   a - +3 falchion (curse)
rCold    + . .     Gourm    .   c - +0 shield
rNeg     . . .     Faith    .   E - +0 plate armour
rPois    +         Spirit   .   t - +1 hat
rElec    .         Reflect  .   q - scarf {rC+ rF+}
rCorr    .         Harm     .   r - +1 pair of gloves
MR       .....                  (no boots)
Stlth    ..........             H - amulet of magic regeneration
HPRegen  0.27/turn              A - ring of protection from fire
MPRegen  0.38/turn              y - ring of poison resistance

@: confused, agile, heroism
A: retaliatory headbutt, horns 2
a: Heroism, Finesse, Renounce Religion


You were on level 1 of the Orcish Mines.
You worshipped Okawaru.
Okawaru was extremely pleased with you.
You were not hungry.

You visited 4 branches of the dungeon, and saw 15 of its levels.
You also visited: Sewer and Bailey.

You collected 1633 gold pieces.
You spent 84 gold pieces at shops.

Inventory:

Hand Weapons
 a - a cursed +3 falchion (weapon)
 I - the +1 dagger of Darghet {freeze, *Noise rPois rN+ Stlth+}
   (You found it on level 7 of the Dungeon)

   It has been specially enchanted to freeze those struck by it, causing extra
   injury to most foes and up to half again as much damage against particularly
   susceptible opponents.
   It can also slow down cold-blooded creatures.
   It protects you from poison.
   It protects you from negative energy.
   It may make noises in combat.
   It makes you more stealthy.
Missiles
 G - 44 tomahawks of returning (quivered)
Armour
 c - a +0 shield (worn)
 q - a scarf of resistance (worn)
 r - a +1 pair of gloves (worn)
 t - a +1 hat (worn)
 E - a +0 plate armour (worn)
 U - the +1 pair of gloves of the Were-rabbit {*Slow MR- rCorr Stlth+}
   (Okawaru gifted it to you on level 2 of the Orcish Mines)

   It affects your resistance to hostile enchantments.
   It protects you from acid and corrosion.
   It may slow you when you take damage.
   It makes you more stealthy.
Jewellery
 d - an uncursed ring of wizardry
 u - an uncursed ring of flight
 y - a ring of poison resistance (right hand)
 A - a ring of protection from fire (left hand)
 B - an uncursed amulet of harm
 H - an amulet of magic regeneration (around neck)
 O - an uncursed ring of ice
 P - an uncursed ring of stealth
Wands
 e - a wand of disintegration (9)
 x - a wand of polymorph (3)
 z - a wand of paralysis (18)
 J - a wand of random effects (20)
 K - a wand of scattershot (5)
 N - a wand of acid (10)
 Q - a wand of flame (63)
 T - a wand of iceblast (5)
Scrolls
 h - 6 scrolls of remove curse
 j - a scroll of brand weapon
 k - a scroll of enchant armour
 n - 2 scrolls of enchant weapon
 o - 2 scrolls of magic mapping
 p - a scroll of amnesia
 v - 6 scrolls of teleportation
Potions
 g - 2 potions of magic
 i - 2 potions of brilliance
 l - 8 potions of curing
 m - a potion of ambrosia
 s - 2 potions of haste
 C - 4 potions of resistance
 D - 2 potions of mutation
 S - a potion of invisibility
Books
 w - a book of Maledictions

   Spells                             Type                      Level
   a - Corona                         Hexes                        1
   b - Ensorcelled Hibernation        Hexes/Ice                    2
   c - Confuse                        Hexes                        3
   d - Tukima's Dance                 Hexes                        3
   e - Dazzling Spray                 Conjuration/Hexes            3
 F - a book of Flames

   Spells                             Type                      Level
   a - Flame Tongue                   Conjuration/Fire             1
   b - Throw Flame                    Conjuration/Fire             2
   c - Conjure Flame                  Conjuration/Fire             3
   d - Inner Flame                    Hexes/Fire                   3
   e - Sticky Flame                   Conjuration/Fire             4
   f - Fireball                       Conjuration/Fire             5
 M - a book of Necromancy

   Spells                             Type                      Level
   a - Pain                           Necromancy                   1
   b - Animate Skeleton               Necromancy                   1
   c - Vampiric Draining              Necromancy                   3
   d - Regeneration                   Charms/Necromancy            3
   e - Animate Dead                   Necromancy                   4
   f - Borgnjor's Vile Clutch         Necromancy/Earth             5
 R - the Compendium of Transmigration and the Escort
   (You found it on level 8 of the Dungeon)

   Spells                             Type                      Level
   a - Yara's Violent Unravelling     Hexes/Transmutation          5
   b - Aura of Abjuration             Summoning                    5
Comestibles
 f - 21 rations
 L - 2 chunks of flesh


   Skills:
 + Level 10.3(15.3) Fighting
 + Level 13.4(18.4) Long Blades
 + Level 11.7(16.7) Armour
 + Level 4.9(9.9) Dodging
 + Level 1.3(6.3) Stealth
 + Level 11.1(16.1) Shields
 + Level 1.4(6.4) Unarmed Combat
 + Level 0.9 Invocations
 + Level 1.3 Evocations


You had 11 spell levels left.
You didn't know any spells.

Dungeon Overview and Level Annotations

Branches:
Dungeon (11/15)            Temple (1/1) D:7            Lair (1/6) D:8
    Orc (2/2) D:11
    Elf: Orc:2

Altars:
Cheibriados
Dithmenos
Elyvilon
Fedhas
Gozag
Kikubaaqudgha
Makhleb
Nemelex Xobeh
Okawaru
Qazlal
Sif Muna
Trog
Uskayaw
Vehumet
Wu Jian
Xom
The Shining One
Beogh

Shops:
D:4 *   D:5 !   D:9 [

Annotations:
D:8 1 transporter
D:11 Erolcha


Innate Abilities, Weirdness & Mutations

You reflexively headbutt those who attack you in melee.
You have a pair of horns on your head.


Message History

* * * LOW HITPOINT WARNING * * *
You block the orc knight's attack. The orc warrior misses you.
You furiously retaliate!
You headbutt the orc warrior, but do no damage.
You barely miss the orc warrior.
The orc warrior is severely wounded.
You block the orc warrior's attack.
Unknown command.
Your plate armour prevents you from hitting the orc warrior.
The orc warrior is severely wounded.
You block the orc knight's attack.
The orc warrior hits you with a trident!
* * * LOW HITPOINT WARNING * * *
Unknown command.
Okay, then.
Okay, then.
You are confused.
You feel invigorated.
The orc warrior hits you with a dire flail!
You die...

....## ##..)......##...##
##..## #...).....####(#.##
##...# ##....#....###[...#
##.## #..........##....##
### ##...............##
#######.(............#
##.##.#....(.....[#...#
##............[.....#.##
##......#.....o@o.....##
#........##.....o......###
##.................#...#.##
##...)........#......#.....#
#..)).#.###.#...........#.##
###)#####.#............####
##..)###..............####
#8..)8##.........#.#...#.##
#..((.##..................#


You could see an orc knight and 2 orc warriors.

Vanquished Creatures
  A centaur warrior (D:9)
  3 two-headed ogres
  An orc knight (Bailey)
  2 orc sorcerers (Orc:2)
  A cyclops (Orc:1)
  A centaur zombie (D:11)
  Maurice (D:11)
  3 trolls
  2 hippogriffs
  A vampire (D:9)
  Sigmund (D:2)
  2 wyverns
  A warg (Orc:2)
  Edmund (D:4)
  4 porcupines (D:8)
  Purgy (Sewer)
  20 orc warriors
  4 sky beasts
  4 ice beasts
  A phantom (D:4)
  2 necrophages
  5 ogres
  7 centaurs
  A crocodile (D:9)
  A big kobold (D:7)
  14 bullfrogs
  2 water moccasin skeletons
  2 scorpions
  22 killer bees
  4 wights (D:8)
  5 howler monkeys
  A crimson imp (D:11)
  3 jellies
  14 orc priests
  3 hounds
  A quasit (D:10)
  A gnoll shaman (D:7)
  A bullfrog skeleton (D:9)
  27 orc wizards
  Crazy Yiuf (D:7)
  8 iguanas
  Ijyb (D:5)
  2 centaur skeletons
  11 worker ants
  A killer bee zombie (D:9)
  A hound skeleton (D:3)
  11 gnolls
  13 adders
  A river rat (D:4)
  2 shadow imps
  3 oozes
  An adder skeleton (D:10)
  An adder zombie (D:9)
  3 worms
  2 dart slugs
  9 leopard geckos
  64 orcs
  7 ball pythons
  4 bats
  7 giant cockroaches
  11 goblins
  11 hobgoblins
  4 jackals (D:5)
  4 quokkas
  11 frilled lizards
  18 kobolds
  A leopard gecko skeleton (D:5)
  10 rats
394 creatures vanquished.

Vanquished Creatures (others)
  A fungus (D:8)
  9 plants (D:9)
10 creatures vanquished.

Grand Total: 404 creatures vanquished

Notes
Turn   | Place    | Note
-------+----------+-------------------------------------------
     0 | D:1      | Peloso the Minotaur Fighter began the quest for the Orb.
     0 | D:1      | Reached XP level 1. HP: 19/19 MP: 0/0
   306 | D:1      | Reached XP level 2. HP: 27/27 MP: 1/1
  1053 | D:2      | Reached XP level 3. HP: 33/33 MP: 2/2
  1058 | D:2      | Noticed Sigmund
  1069 | D:2      | Killed Sigmund
  1069 | D:2      | Reached skill level 4 in Long Blades
  1069 | D:2      | Reached skill level 5 in Armour
  1069 | D:2      | Reached XP level 4. HP: 7/41 MP: 3/3
  1069 | D:2      | Reached XP level 5. HP: 8/47 MP: 4/4
  1338 | D:2      | Found a burning altar of Makhleb.
  1559 | D:2      | Reached skill level 5 in Fighting
  1605 | D:2      | Found a bloodstained altar of Trog.
  1733 | D:3      | Reached skill level 1 in Dodging
  1735 | D:3      | Found a transporter.
  1785 | D:3      | Found a transporter.
  1789 | D:3      | Found a blossoming altar of Fedhas.
  2055 | D:3      | Noticed a centaur
  2075 | D:3      | Killed a centaur
  2075 | D:3      | Reached skill level 5 in Long Blades
  2075 | D:3      | Reached XP level 6. HP: 56/56 MP: 5/5
  2224 | D:3      | Found a white marble altar of Elyvilon.
  2310 | D:4      | Found a glowing drain.
  2447 | Sewer    | Entered a sewer
  2474 | Sewer    | Noticed Purgy
  2494 | Sewer    | Killed Purgy
  2494 | Sewer    | Reached skill level 6 in Long Blades
  2494 | Sewer    | Reached skill level 5 in Shields
  2494 | Sewer    | Reached XP level 7. HP: 42/61 MP: 6/6
  2925 | D:4      | Found Lusu's Assorted Antiques.
  3273 | D:4      | Noticed Edmund
  3301 | D:4      | Killed Edmund
  3301 | D:4      | Reached skill level 7 in Long Blades
  3693 | D:5      | Entered Level 5 of the Dungeon
  3726 | D:5      | Found Mira's Distillery.
  3728 | D:5      | Noticed a two-headed ogre
  3735 | D:5      | Killed a two-headed ogre
  3735 | D:5      | Reached skill level 8 in Long Blades
  3735 | D:5      | Reached XP level 8. HP: 56/71 MP: 7/7
  3805 | D:5      | Bought a potion of curing for 36 gold pieces
  3805 | D:5      | Bought a potion of agility for 48 gold pieces
  3825 | D:5      | Found an opulent altar of Gozag.
  3859 | D:5      | Noticed Ijyb
  3896 | D:5      | Reached skill level 9 in Long Blades
  3922 | D:5      | Killed Ijyb
  4052 | D:5      | Found a bloodstained altar of Trog.
  4328 | D:5      | Reached skill level 1 in Unarmed Combat
  4593 | D:5      | Found an ancient bone altar of Kikubaaqudgha.
  5263 | D:6      | Found a shimmering altar of Xom.
  5287 | D:6      | Reached XP level 9. HP: 72/79 MP: 8/8
  5378 | D:6      | Found a shimmering altar of Xom.
  5386 | D:6      | Found a shimmering altar of Xom.
  5483 | D:6      | Found an ornate altar of the Wu Jian Council.
  5861 | D:7      | Reached skill level 10 in Long Blades
  6007 | D:7      | Found a flagged portal.
  6053 | D:7      | Found a staircase to the Ecumenical Temple.
  6056 | Temple   | Entered the Ecumenical Temple
  6076 | Temple   | Became a worshipper of Warmaster Okawaru
  6110 | Bailey   | Entered a bailey
  6227 | Bailey   | Noticed an orc knight
  6561 | Bailey   | Killed an orc knight
  6675 | Bailey   | Reached skill level 1 in Evocations
  6702 | Bailey   | Reached * piety under Okawaru
  6823 | Bailey   | Reached XP level 10. HP: 86/88 MP: 9/9
  7309 | D:7      | Found a deep blue altar of Sif Muna.
  7352 | D:7      | Got a translucent dagger
  7353 | D:7      | Identified the +1 dagger of Darghet {freeze, *Noise rPois rN+ Stlth+} (You found it on level 7 of the Dungeon)
  7361 | D:7      | Found a runed door.
  7365 | D:7      | Noticed Crazy Yiuf
  7369 | D:7      | Killed Crazy Yiuf
  7856 | D:7      | Reached skill level 11 in Long Blades
  8058 | D:8      | Reached ** piety under Okawaru
  8083 | D:8      | Reached skill level 1 in Stealth
  8326 | D:8      | Found a stormy altar of Qazlal.
  8420 | D:8      | Identified the Compendium of Transmigration and the Escort
  8460 | D:8      | Found a staircase to the Lair.
  8526 | D:8      | Found a transporter.
  8967 | D:9      | Found Ure Heus's Armour Boutique.
  9709 | D:9      | Reached skill level 10 in Armour
  9807 | D:9      | Noticed a centaur warrior
  9832 | D:10     | Entered Level 10 of the Dungeon
 10016 | D:10     | Noticed a two-headed ogre
 10025 | D:10     | Killed a two-headed ogre
 10025 | D:10     | Reached *** piety under Okawaru
 10025 | D:10     | Reached skill level 12 in Long Blades
 10025 | D:10     | Reached XP level 11. HP: 52/96 MP: 11/11
 10883 | Lair:1   | Entered Level 1 of the Lair of Beasts
 10908 | Lair:1   | Noticed a seven-headed hydra
 10986 | D:9      | Killed a centaur warrior
 10986 | D:9      | Received a gift from Okawaru
 11299 | D:9      | Reached **** piety under Okawaru
 11683 | D:11     | Noticed a seven-headed hydra
 11691 | D:11     | Reached skill level 10 in Shields
 12037 | D:11     | Noticed Maurice
 12053 | D:11     | Killed Maurice
 12104 | D:11     | Noticed Erolcha
 12116 | D:11     | Noticed a two-headed ogre
 12140 | D:10     | Killed a two-headed ogre
 12140 | D:10     | Reached ***** piety under Okawaru
 12422 | D:11     | Found a staircase to the Orcish Mines.
 12447 | Orc:1    | Entered Level 1 of the Orcish Mines
 12512 | Orc:1    | Reached skill level 10 in Fighting
 12525 | Orc:1    | Reached skill level 13 in Long Blades
 12849 | Orc:1    | Found a roughly hewn altar of Beogh.
 13133 | Orc:2    | Entered Level 2 of the Orcish Mines
 13133 | Orc:2    | Found a roughly hewn altar of Beogh.
 13579 | Orc:1    | Found a runed door.
 13647 | Orc:1    | Paralysed by an orc priest for 3 turns
 13657 | Orc:1    | HP: 4/98 [orc/dagger (1)]
 14019 | Orc:1    | Found a roughly hewn altar of Beogh.
 14137 | Orc:2    | Noticed an orc sorcerer
 14159 | Orc:2    | Killed an orc sorcerer
 14159 | Orc:2    | Reached XP level 12. HP: 106/106 MP: 12/12
 14199 | Orc:2    | Received a gift from Okawaru
 14202 | Orc:2    | Got a pair of slimy gloves {god gift}
 14219 | Orc:2    | Noticed an orc high priest
 14234 | Orc:2    | Identified the +1 pair of gloves of the Were-rabbit {*Slow MR- rCorr Stlth+} (Okawaru gifted it to you on level 2 of the Orcish Mines)
 14334 | Orc:1    | HP: 5/106 [orc warrior/trident (13)]
 14335 | Orc:1    | Mangled by an orc warrior

Skill      XL: |  1  2  3  4  5  6  7  8  9 10 11 12 |
---------------+-------------------------------------+-----
Armour         | 4 5 6 7 8 10 11 | 11.7
Fighting       | 4 5 6 7 9 10 | 10.3
Long Blades    | 4 5 6 8 9 10 12 13 | 13.4
Shields        | 4 5 7 8 10 11 | 11.1
Dodging        | 1 3 4 |  4.9
Unarmed Combat | 1 |  1.4
Evocations     | 1 |  1.3
Stealth        | 1 |  1.3
Invocations    | |  0.9

Action                   |  1- 3 |  4- 6 |  7- 9 | 10-12 || total
-------------------------+-------+-------+-------+-------++-------
Melee: Long sword        |    69 |   140 |   297 |   110 ||   616
       Headbutt          |     8 |    22 |    63 |   217 ||   310
       Unarmed           |       |       |    19 |       ||    19
       Falchion          |       |       |       |   732 ||   732
Invok: Heroism           |       |       |       |     5 ||     5
 Abil: Evoke Flight      |       |       |     1 |     1 ||     2
Evoke: Wand              |       |       |     8 |       ||     8
  Use: Potion            |     1 |       |     5 |     6 ||    12
       Scroll            |       |     1 |    13 |    13 ||    27
  Eat: Chunk             |       |     5 |    15 |    24 ||    44
Armor: Scale mail        |    21 |    92 |    20 |       ||   133
       Chain mail        |       |       |    78 |    48 ||   126
       Skin              |       |       |     3 |       ||     3
       Plate armour      |       |       |       |   319 ||   319
Dodge: Dodged            |    13 |    56 |    90 |   219 ||   378
Block: Shield            |    38 |    95 |   159 |   482 ||   774
       Rpst.: Long sword |     2 |    13 |    18 |     4 ||    37
       Falchion          |       |       |       |    41 ||    41
